 Dungeon Crawl Stone Soup version 0.27-a0-1191-g601b473118 (webtiles) character file.

Game seed: 15897017427774709937

1588 Sobieck the Spear-Bearer (level 8, -3/88 HPs)
             Began as a Merfolk Gladiator on May 23, 2021.
             Was a Follower of Fedhas.
             Slain by a white imp (5 damage)
             ... on level 6 of the Dungeon.
             The game lasted 00:16:00 (6753 turns).

Sobieck the Spear-Bearer (Merfolk Gladiator)        Turns: 6753, Time: 00:16:01

Health: -3/88      AC: 24    Str: 14    XL:     8   Next: 92%
Magic:  9/9        EV:  2    Int:  8    God:    Fedhas [*.....]
Gold:   166        SH:  0    Dex: 17    Spells: 7/7 levels left

rFire    . . .     SeeInvis .   a - +1 trident {polearm}
rCold    . . .     Faith    .   (no shield)
rNeg     + + +     Spirit   .   (armour currently unavailable)
rPois    +         Reflect  .   (helmet currently unavailable)
rElec    .         Harm     .   (cloak currently unavailable)
rCorr    .         Rampage  .   (gloves currently unavailable)
Will     .....     NoTele   +   (boots currently unavailable)
Stlth    ++........             (no amulet)
HPRegen  0.24/turn              m - ring of flight
MPRegen  0.11/turn              (no ring)

@: tree-form
A: stationary, stasis, torment immunity, boosted hp, (nimble swimmer 2),
(mertail)
a: Renounce Religion


You were on level 6 of the Dungeon.
You worshipped Fedhas.
Fedhas was aware of your devotion.
You were a tree.
You visited 1 branch of the dungeon, and saw 7 of its levels.

You collected 166 gold pieces.


Innate Abilities, Weirdness & Mutations

You are a tree.
Your roots penetrate the ground, keeping you stationary.
You cannot be teleported.
You are immune to unholy pain and torment.
Your maximum health is greatly increased.
Your equipment is partially melded.
((You are quick and stealthy near water. (Stealth+, EV+, Speed+++)))
((Your lower body shifts to a powerful aquatic tail in water.))


   Skills:
 + Level 3.6 Fighting
 - Level 14.0 Polearms
 - Level 2.0 Throwing
 + Level 5.3 Dodging
 + Level 2.6 Invocations


You had 7 spell levels left.
You didn't know any spells.
Your spell library contained the following spells:

 Spells                   Type           Power      Damage    Failure   Level
 Animate Skeleton         Necr           0%         N/A       41%         1
 Apportation              Tloc           0%         N/A       41%         1
 Corona                   Hex            0%         N/A       41%         1
 Foxfire                  Conj/Fire      0%         2x1d4     41%         1
 Summon Small Mammal      Summ           0%         N/A       41%         1
 Conjure Flame            Conj/Fire      0%         6-21      78%         3
 Inner Flame              Hex/Fire       0%         N/A       78%         3
 Sticky Flame             Conj/Fire      0%         2d3       99%         4
 Fireball                 Conj/Fire      0%         3d3       100%        5

Inventory:

Hand Weapons
 a - a +1 trident (weapon) {polearm}
 C - a +3 quarterstaff of chaos {staff}
   (You took it off Crazy Yiuf on level 2 of the Dungeon)
Missiles
 d - 5 throwing nets {=f!fthrowing}
 j - 56 sling bullets
 n - 96 stones {throwing}
 o - 63 arrows
 r - 22 poisoned darts (quivered) {throwing}
 s - a curare-tipped dart {=fthrowing}
 v - 16 javelins {throwing}
 x - 22 bolts
Armour
 c - a +0 helmet (melded)
 g - a +0 pair of gloves (melded)
   (You found it on level 1 of the Dungeon)
 i - a +3 leather armour of fire resistance (melded)
   (You found it on level 5 of the Dungeon)
 p - a +1 pair of boots (melded)
   (You found it on level 3 of the Dungeon)
 D - a +0 cloak (melded)
   (You took it off Crazy Yiuf on level 2 of the Dungeon)
Magical Staves
 t - a staff of death {!astaff}
   (You found it on level 4 of the Dungeon)
Jewellery
 m - a ring of flight (left branch)
   (You found it on level 1 of the Dungeon)
Wands
 f - a wand of polymorph (4)
   (You found it on level 5 of the Dungeon)
 F - a wand of flame (35)
   (You found it on level 3 of the Dungeon)
Scrolls
 e - a scroll of identify {@r1}
 l - 6 scrolls of teleportation {@r4}
 u - a scroll of amnesia
 w - a scroll of magic mapping {!r}
 y - a scroll of enchant weapon
 A - a scroll of noise {unknown}
 B - a scroll of vulnerability {unknown}
Potions
 h - a potion of degeneration {unknown}
 k - 2 potions of resistance
 E - a potion of magic {unknown}

Dungeon Overview and Level Annotations

Branches:
Dungeon (7/15)
 Temple: D:4-7

Altars:
Fedhas
Gozag
Qazlal
Wu Jian

Shops:
D:5 *?   D:6 :

Annotations:
D:4 exclusion: 2 downstairs
D:5 3 runed translucent doors, zarzak's ghost, amateur DgFi
D:6 exclusion: downstairs

#..........<# ##..........
#......<##.######...........
.............###...........#.
#+###........##............##
#........###.............
#...........>............
+........##.).......#....
#......#5.#..#......#...#
#.....#.♣#..##......##..#
#......##5...#.......#...
##.....##.........##.###..
...........#...≈≈#.........
######.....................
#.........#...........
#........###.....##...
#......#..##.....##...
#.....##...##........#


You could see 2 white imps.


Message History

😨 HP[-7]
You take 7 damage, and now have 21/58 hp.
You hit something but do no damage. Something hits you.
* * * LOW HITPOINT WARNING * * *
Something shocks you.
* * * LOW HITPOINT WARNING * * *
The white imp closely misses you. 😨 HP[-6]
You take 6 damage, and now have 15/58 hp.
Unknown command.
You feel better. Something hits you but does no damage.
The white imp gestures at you. The puff of frost hits you!
* * * LOW HITPOINT WARNING * * *
Something hits you but does no damage. 😱 HP[-3]
You take 3 damage, and now have 12/58 hp.
Really quaff
z - a potion of lignification {!q}?
Really quaff the potion of lignification?
You turn into a tree.
Your +0 cloak melds into your body.
Your +0 helmet melds into your body.
Your +0 pair of gloves melds into your body.
Your +1 pair of boots melds into your body.
Your +3 leather armour of fire resistance melds into your body.
You feel less resistant to fire.
Your roots penetrate the ground.
The white imp gestures at you.
The puff of frost hits you but does no damage.
Something completely misses you.
The white imp grins evilly.
The white imp gestures at you.
The puff of frost hits you but does no damage. 😱 HP[+6]
You now have 87 max hp (+29).
You regained 6 hp, and now have 18/87 hp.
You hit something but do no damage. Something hits you but does no damage.
The white imp gestures at you.
The puff of frost hits you but does no damage. 😱 HP[+1]
You hit something.
A sky beast appears from thin air!
Reactivating autopickup.
The sky beast hits you but does no damage.
The white imp gestures at you. The puff of frost hits you.
* * * LOW HITPOINT WARNING * * *
😱 HP[-2]
You take 2 damage, and now have 17/87 hp.
You closely miss the sky beast.
The sky beast hits you but does no damage.
The white imp hits you but does no damage.
You hit the sky beast but do no damage.
The sky beast hits you but does no damage.
The white imp barely misses you.
You hit the sky beast.
The sky beast hits you but does no damage. 😱 HP[+1]
You hit the sky beast. The white imp gestures at you.
The puff of frost hits you but does no damage.
The sky beast hits you but does no damage.
You miss the sky beast. The white imp gestures at you.
The puff of frost hits you but does no damage.
You puncture the sky beast!
The sky beast hits you but does no damage.
The white imp hits you but does no damage.
You hit the sky beast. The sky beast hits you.
* * * LOW HITPOINT WARNING * * *
The sky beast shocks you.
* * * LOW HITPOINT WARNING * * *
The white imp hits you but does no damage. 😱 HP[-9]
You take 9 damage, and now have 9/87 hp.
You barely miss the sky beast.
You feel yourself speed up.
The sky beast flickers out of sight!
Deactivating autopickup; reactivate with Ctrl-A.
Something hits you.
* * * LOW HITPOINT WARNING * * *
Something shocks you.
* * * LOW HITPOINT WARNING * * *
The white imp hits you but does no damage. 😱 HP[-6]
You take 6 damage, and now have 3/87 hp.
You puncture something!
Fedhas appreciates your contribution to the ecosystem.
Reactivating autopickup.
You feel a bit more experienced.
The white imp hits you but does no damage.
You now have 88 max hp (+1).
You hit the white imp. You closely miss the white imp.
The white imp summons a swarm of flies.
The white imp gestures at you.
The puff of frost hits you but does no damage.
You hit the white imp but do no damage. You hit the white imp but do no damage.
The white imp hits you.
* * * LOW HITPOINT WARNING * * *
The white imp freezes you.
You die...
Fedhas appreciates your contribution to the ecosystem.

Skill      XL: |  1  2  3  4  5  6  7  8 |
---------------+-------------------------+-----
Polearms       | 5 6 7 8 9 10 12 14 | 14.0
Invocations    | 2 |  2.6
Fighting       | 3 |  3.6
Dodging        | 5 |  5.3
Throwing       | |  2.0

Action                   |  1- 3 |  4- 6 |  7- 9 || total
-------------------------+-------+-------+-------++-------
Melee: Trident           |    79 |    77 |   353 ||   509
Throw: Throwing net      |     1 |       |       ||     1
       Dart              |       |    11 |    23 ||    34
  Use: Scroll            |       |     4 |     3 ||     7
       Potion            |       |       |     7 ||     7
 Stab: Sleeping          |     1 |     2 |     5 ||     8
Armor: Leather armour    |    21 |    20 |    59 ||   100
       Skin              |       |       |    21 ||    21
Dodge: Dodged            |    37 |    26 |   113 ||   176

Levels and vault maps discovered:
D:1:      sevenhm_arrival_forest_fort_small_5, layout_rooms,
          minmay_tree_intersection
D:2:      layout_basic, hellmonk_ecumenical_altar_slurped_away,
          uniq_crazy_yiuf_cottage
D:3:      layout_basic, lemuel_doored_altar, uniq_terence
D:4:      layout_loops_ring
D:5:      layout_cave_pools, fedhas_altar_4, nzn_wu_jian_council_hall,
          serial_shops, nicolae_shop_waterfront, nicolae_shop_crystal,
          lightli_ossuary_entry_decrepit_ruins, ebering_ghost_gozag
D:6:      layout_cave_pools, nicolae_vehumet_altar_sigil,
          minmay_temple_entry_glassed_door, serial_shops, shop_fountains,
          minmay_manual_mess
D:7:      layout_cave_pools

Notes
Turn   | Place    | Note
-------+----------+-------------------------------------------
     0 | D:1      | Sobieck the Merfolk Gladiator began the quest for the Orb.
     0 | D:1      | Reached XP level 1. HP: 16/16 MP: 1/1
     0 | D:1      | magus.rc [v1.9.6]
    98 | D:1      | Reached skill level 5 in Polearms
   115 | D:1      | Reached XP level 2. HP: 14/22 MP: 2/2
   392 | D:1      | Reached skill level 6 in Polearms
   392 | D:1      | Reached XP level 3. HP: 18/27 MP: 3/3
   623 | D:4      | Noticed a scorpion
   631 | D:4      | Killed a scorpion
   632 | D:4      | Reached skill level 7 in Polearms
   632 | D:4      | Reached XP level 4. HP: 22/33 MP: 4/4
   804 | D:4      | Reached skill level 8 in Polearms
   804 | D:4      | Reached XP level 5. HP: 27/38 MP: 5/5
   970 | D:4      | You pick up a book of Flames and begin reading...
   970 | D:4      | You add the spells Foxfire, Conjure Flame, Inner Flame,
                  | Sticky Flame and Fireball to your library.
   983 | D:4      | Noticed a kobold brigand
   993 | D:4      | Killed a kobold brigand
  1191 | D:5      | Entered Level 5 of the Dungeon
  1191 | D:5      | Found a runed translucent gate.
  1191 | D:5      | Found a runed translucent gate.
  1191 | D:5      | Found an opulent altar of Gozag.
  1191 | D:5      | Found a runed translucent gate.
  1201 | D:5      | Reached skill level 9 in Polearms
  1419 | D:4      | Reached XP level 6. HP: 35/44 MP: 6/6
  1497 | D:4      | Reached skill level 10 in Polearms
  1799 | D:4      | Reached XP level 7. HP: 50/50 MP: 7/7
  2044 | D:4      | Reached skill level 11 in Polearms
  2068 | D:4      | HP: 9/50 [water moccasin (6)]
  2073 | D:4      | HP: 6/75 [poisoned by a water moccasin]
  2902 | D:4      | Reached skill level 12 in Polearms
  3019 | D:5      | Found an ornate altar of the Wu Jian Council.
  3232 | D:4      | Reached XP level 8. HP: 54/56 MP: 8/8
  3328 | D:4      | Reached skill level 13 in Polearms
  3577 | D:5      | Found Juetouwi's Assorted Antiques.
  3583 | D:5      | Found Miovemari's Magic Scroll Shoppe.
  3916 | D:5      | Noticed zarzak's ghost (amateur DgFi)
  4089 | D:5      | Found a blossoming altar of Fedhas.
  4169 | D:5      | Became a worshipper of Fedhas Madash
  4633 | D:2      | Found a faded altar of an unknown god.
  4872 | D:2      | Reached * piety under Fedhas
  5147 | D:2      | You pick up a book of Cantrips and begin reading...
  5147 | D:2      | You add the spells Corona, Animate Skeleton, Summon Small
                  | Mammal and Apportation to your library.
  5318 | D:2      | Found a runed translucent door.
  5319 | D:2      | Noticed Crazy Yiuf
  5534 | D:2      | Killed Crazy Yiuf
  5932 | D:3      | Found a stormy altar of Qazlal.
  6030 | D:3      | Noticed Terence
  6057 | D:3      | Killed Terence
  6512 | D:6      | Reached skill level 14 in Polearms
  6512 | D:6      | Reached skill level 1 in Invocations
  6664 | D:6      | Found Gapleux's Book Emporium.
  6666 | D:6      | Noticed a wraith
  6732 | D:6      | Killed a wraith
  6733 | D:6      | Reached skill level 3 in Fighting
  6733 | D:6      | Reached skill level 5 in Dodging
  6733 | D:6      | Reached skill level 2 in Invocations
  6737 | D:6      | HP: 12/58 [white imp/puff of frost (10)]
  6747 | D:6      | HP: 15/87 [sky beast (3)]
  6748 | D:6      | HP: 3/87 [something (5)]
  6753 | D:6      | HP: 2/88 [white imp (1)]
  6753 | D:6      | Slain by a white imp

Vanquished Creatures
  A wraith (D:6)
  A water moccasin (D:4)
  A sky beast (D:6)
  A black bear (D:6)
  A centaur (D:4)
  2 ogres (D:4)
  A phantom (D:6)
  A bullfrog (D:6)
  A wyvern zombie (D:4)
  A scorpion (D:4)
  A bullfrog zombie (D:5)
  An orc priest (D:4)
  A gnoll shaman (D:4)
  A hound (D:4)
  A centaur skeleton (D:5)
  Crazy Yiuf (D:2)
  Terence (D:3)
  4 iguanas
  2 orc wizards (D:4)
  A hound zombie (D:5)
  8 gnolls
  6 adders
  An adder skeleton (D:4)
  A worm (D:2)
  3 dart slugs
  5 orcs
  12 ball pythons
  7 endoplasms
  6 giant cockroaches
  6 goblins
  3 hobgoblins
  7 jackals
  8 quokkas
  7 bats
  A frilled lizard (D:2)
  8 kobolds
  5 rats
119 creatures vanquished.

Vanquished Creatures (others)
  A kobold brigand (D:4)
1 creature vanquished.

Grand Total: 120 creatures vanquished

Table legend:
 A = Non-vault XP
 B = Vault XP
 C = Vault XP percentage of total XP
 D = Non-vault monster count
 E = Vault monster count
 F = Vault count percentage of total count
                 A         B        C        D         E       F
            +---------+---------+-------+---------+---------+-------
      Total |    1856 |     413 |  18.2 |     115 |       5 |   4.2
            +---------+---------+-------+---------+---------+-------
        D:1 |      47 |       0 |   0.0 |      25 |       0 |   0.0
        D:2 |      50 |      39 |  43.8 |      23 |       2 |   8.0
        D:3 |      66 |      36 |  35.3 |      18 |       1 |   5.3
        D:4 |    1150 |       0 |   0.0 |      34 |       0 |   0.0
        D:5 |     223 |       0 |   0.0 |      11 |       0 |   0.0
        D:6 |     320 |     338 |  51.4 |       4 |       2 |  33.3
            +---------+---------+-------+---------+---------+-------

Illustrated notes

Table legend:
 A = Kills in this place as a percentage of kills in entire the game.
 B = Kills by you in this place as a percentage of kills by you in the entire game.
 C = Kills by friends in this place as a percentage of kills by friends in the entire game.
 D = Other kills in this place as a percentage of other kills in the entire game.
 E = Experience gained in this place as a percentage of experience gained in the entire game.
 F = Experience gained in this place divided by the number of levels of this place that you have seen.
                   A       B       C       D       E      F
               +-------+-------+-------+-------+-------+----------------------
         Total | 100.0 | 100.0 |   N/A | 100.0 | 100.0 | 324.1
       Dungeon | 100.0 | 100.0 |   N/A | 100.0 | 100.0 | 324.1
               +-------+-------+-------+-------+-------+----------------------

Table legend: (Time is in decaauts)
 A = Elapsed time spent in this place.
 B = Non-inter-level travel time spent in this place.
 C = Inter-level travel time spent in this place.
 D = Time resting spent in this place.
 E = Time spent auto-exploring this place.
 F = Levels seen in this place.
 G = Mean time per level.
                   A        B        C        D        E       F      G
               +--------+--------+--------+--------+--------+-----+--------+
         Total |   6642 |   6132 |    510 |   1754 |   3166 |   7 |  948.9 |
       Dungeon |   6642 |   6132 |    510 |   1754 |   3166 |   7 |  948.9 |
               +--------+--------+--------+--------+--------+-----+--------+

Top non-repeatable levels by time:
     D:4: 2516 daAuts
     D:2: 1148 daAuts
     D:5: 960 daAuts
     D:3: 917 daAuts
     D:1: 823 daAuts
     D:6: 265 daAuts
     D:7: 11 daAuts
